 Dungeon Crawl Stone Soup version 0.25-a0-1056-g2efb326896 (webtiles) character file.

Game seed: 2981215898569526124, levelgen mode: deterministic

27 Esekla the Skirmisher (level 3, -10/30 HPs)
             Began as a Formicid Abyssal Knight on May 13, 2020.
             Was a Follower of Lugonu.
             Mangled by a small abomination (12 damage)
             ... on level 1 of the Abyss.
             The game lasted 00:01:30 (230 turns).

Esekla the Skirmisher (Formicid Abyssal Knight)      Turns: 230, Time: 00:01:31

Health: -10/30     AC:  3    Str: 16    XL:     3   Next: 25%
Magic:  4/4        EV: 11    Int: 11    God:    Lugonu [*.....]
Gold:   0          SH:  0    Dex: 11    Spells: 2/2 levels left

rFire    . . .     SeeInvis +   a - +1 falchion
rCold    . . .     Gourm    .   (no shield)
rNeg     . . .     Faith    .   b - +0 leather armour
rPois    .         Spirit   .   (helmet unavailable)
rElec    .         Reflect  .   (no cloak)
rCorr    .         Harm     .   (no gloves)
MR       .....                  (no boots)
Stlth    +.........             (no amulet)
HPRegen  0.10/turn              (no ring)
MPRegen  0.09/turn              (no ring)

@: no status effects
A: permanent stasis, dig shafts and tunnels, four strong arms, antennae 3
a: Dig, Shaft Self, Depart the Abyss, Renounce Religion


You were on level 1 of the Abyss.
You worshipped Lugonu.
Lugonu was aware of your devotion.
You were not hungry.

You visited 0 branches of the dungeon, and saw 0 of its levels.
You visited the Abyss 1 time.

Inventory:

Hand Weapons
 a - a +1 falchion (weapon)
Armour
 b - a +0 leather armour (worn)
 d - a +0 chain mail
Comestibles
 c - a ration


   Skills:
 * Level 4.1 Fighting
 * Level 2.3 Long Blades
 + Level 2.4 Armour
 + Level 0.8 Dodging
 + Level 2.4 Invocations


You had 2 spell levels left.
You didn't know any spells.
Your spell library was empty.

Dungeon Overview and Level Annotations

Branches:
Dungeon (0/15)

Altars:


Innate Abilities, Weirdness & Mutations

You cannot be hasted, slowed, berserked, paralysed or teleported.
You can dig through walls and to a lower floor.
Your four strong arms can wield two-handed weapons with a shield.
You have a pair of large antennae on your head. (SInv)


Message History

The small abomination is lightly damaged.
The small abomination closely misses you. x2
You riposte.
You hit the small abomination but do no damage.
The small abomination is lightly damaged.
You hit the small abomination.
The small abomination is lightly damaged.
The small abomination hits you! x2
Ouch! That really hurt!
* * * LOW HITPOINT WARNING * * *
You closely miss the small abomination.
The small abomination is lightly damaged.
The small abomination barely misses you. x2
You hit the small abomination but do no damage.
The small abomination is lightly damaged.
The small abomination hits you but does no damage.
You closely miss the small abomination.
The small abomination is lightly damaged.
The small abomination misses you. The small abomination hits you!
You die...

# # .
## #
# . #
####.
#
#@##
. #
#x#
..
##. .
# ##
. . .
# # .
## ##
# . #


You could see a small abomination.

Vanquished Creatures
  An iron imp (Abyss:1)
1 creature vanquished.

Notes
Turn   | Place    | Note
-------+----------+-------------------------------------------
     0 | Abyss:1  | Esekla the Formicid Abyssal Knight began the quest for the
                  | Orb.
     0 | Abyss:1  | Reached XP level 1. HP: 18/18 MP: 2/2
    48 | Abyss:1  | Found a corrupted altar of Lugonu.
    90 | Abyss:1  | Noticed an iron imp
   107 | Abyss:1  | Killed an iron imp
   107 | Abyss:1  | Reached skill level 4 in Fighting
   107 | Abyss:1  | Reached XP level 2. HP: 11/25 MP: 3/3
   107 | Abyss:1  | Reached XP level 3. HP: 14/30 MP: 4/4
   224 | Abyss:1  | Noticed a small abomination
   230 | Abyss:1  | Mangled by a small abomination

Illustrated notes

Levels and vault maps discovered:
Abyss:1

Skill      XL: |  1 |
---------------+----+-----
Fighting       | 4 |  4.1
Long Blades    | |  2.3
Armour         | |  2.4
Dodging        | |  0.8
Invocations    | |  2.4

Action                   || total
-------------------------++-------
Melee: Falchion          ||    11
Armor: Leather armour    ||     1
Dodge: Dodged            ||     9
       Rpst.: Falchion   ||     3

Table legend:
 A = Non-vault XP
 B = Vault XP
 C = Vault XP percentage of total XP
 D = Non-vault monster count
 E = Vault monster count
 F = Vault count percentage of total count
                 A         B        C        D         E       F
            +---------+---------+-------+---------+---------+-------
      Total |      39 |       0 |   0.0 |       1 |       0 |   0.0
            +---------+---------+-------+---------+---------+-------
    Abyss:1 |      39 |       0 |   0.0 |       1 |       0 |   0.0
            +---------+---------+-------+---------+---------+-------
